Cogmind - Beta 13 @@@ ROGUE MODE // 2024.07.16 @ 18:24:03 Player: weedlord420 Result: Self-destructed Performance ------------- Evolutions (6) 3000 Regions Visited (19) 3800 Robots Destroyed (140) 700 Value Destroyed (4139) 4139 Prototype IDs (48) 960 Alien Tech Used (0) 0 Bonus (1287) 1287 TOTAL SCORE: 13886 Bonus ------- High Alert Combat Kills 64 Follower Combat Kills 479 Aligned with FarCom 300 Met Data Miner 300 Met Zhirov 300 Friendly Fire -156 Cogmind --------- Core Integrity 365/1150 Matter 290/300 Energy 150/150 System Corruption 7% Temperature Cool (0) Movement Hovering (111) Ox1 Location -4/Factory Parts ------- > --- POWER (2) -------- Micro Fission Core > --- PROPULSION (5) --- Antigrav System Gyrokinetic Inverter > --- UTILITY (10) ----- Advanced Heat Sink Advanced Heat Sink Medium Storage Unit Improved Target Analyzer Armor Integrity Analyzer Advanced ECM Suite Hacking Suite > --- WEAPON (2) ------- Matter Neutralizer > --- INVENTORY (10) --- Advanced Cryofiber Web Advanced Reaction Control System Point Defense System Experimental Hacking Suite Coil Gun Advanced Datajack Improved Remote Datajack Improved Plasma Cutter Peak State ------------ > --- POWER ------------ Light Antimatter Reactor Light Antimatter Reactor > --- PROPULSION ------- Antigrav System Gyrokinetic Inverter Improved Linear Gravjet Improved Linear Gravjet Improved Linear Gravjet > --- UTILITY ---------- Advanced Heat Sink Advanced Heat Sink Medium Storage Unit Improved Target Analyzer Armor Integrity Analyzer Advanced ECM Suite Hacking Suite System Shield Dynamic Insulation System System Restoration Module > --- WEAPON ----------- Phase Gun Matter Neutralizer > --- INVENTORY -------- Micro Fission Core Advanced Cryofiber Web Improved Cooling System Advanced Reaction Control System Point Defense System Bore Cannon Advanced Datajack Improved Remote Datajack Improved Plasma Cutter Lance [Rating: 105] Favorites ----------- Power Micro Nuclear Core Engine Ion Engine Power Core Micro Nuclear Core Reactor Light Antimatter Reactor Propulsion Light Treads Treads Light Treads Hover Unit Improved Gravmag System Flight Unit Nuclear Pulse Thruster Utility Medium Storage Unit Device Improved Heat Sink Storage Medium Storage Unit Processor Armor Integrity Analyzer Hackware System Shield Protection Layered Light Armor Plating Weapon Assault Rifle Energy Gun Gatling Laser Energy Cannon Advanced Beam Cannon Ballistic Gun Assault Rifle Ballistic Cannon Battle Cannon Launcher Proton Missile Launcher Special Weapon Plasma Flamer Piercing Weapon Lance Build | -11 -10 -10 -9 -9 -9 -8 -8 -7 -7 -7 -7 -6 -6 -5 -5 -5 -5 -5 -4 ------- Run | Yrd Mat Min Mat Min Exi Min Mat Fac Low Low Dat Pro Fac Fac Ext Cet Arc Hub Fac Slots Evolved 12 | . . . 2 . . . 2 2 . . . . 2 2 . . . . 2 Power 1 | . . . . . . . . . . . . . . . . . . . 1 Propulsion 3 | . . . . . . . 2 . . . . . 1 . . . . . . Utility 8 | . . . 2 . . . . 2 . . . . 1 2 . . . . 1 Weapon . | . . . . . . . . . . . . . . . . . . . . Parts Attached 227 | 1 7 3 17 2 1 8 35 32 8 . 1 19 32 3 10 3 5 9 31 Power 25 | . 1 . 2 . 1 1 4 4 . . . 1 4 . . . . 1 6 Engine 12 | . 1 . 2 . . . 2 1 . . . . 3 . . . . 1 2 Core 11 | . . . . . 1 1 2 3 . . . 1 1 . . . . . 2 Reactor 2 | . . . . . . . . . . . . . . . . . . . 2 Propulsion 53 | . 2 1 3 . . . 9 6 1 . . 3 12 1 2 . 2 2 9 Treads 11 | . 2 1 3 . . . 3 . . . . 2 . . . . . . . Leg . | . . . . . . . . . . . . . . . . . . . . Wheel . | . . . . . . . . . . . . . . . . . . . . Hover 40 | . . . . . . . 6 6 1 . . 1 10 1 2 . 2 2 9 Flight 2 | . . . . . . . . . . . . . 2 . . . . . . Utility 72 | . 2 1 7 1 . . 8 10 3 . . 5 11 2 6 1 1 3 11 Device 36 | . 1 1 2 1 . . 2 4 2 . . 2 6 1 3 1 . 2 8 Storage 5 | . 1 . 1 . . . 1 . . . . . 1 . . . . . 1 Processor 5 | . . . 1 . . . 1 1 . . . . 1 . . . . . 1 Hackware 7 | . . . 1 . . . . 2 . . . . 1 1 . . 1 . 1 Protection 19 | . . . 2 . . . 4 3 1 . . 3 2 . 3 . . 1 . Artifact . | . . . . . . . . . . . . . . . . . . . . Weapon 77 | 1 2 1 5 1 . 7 14 12 4 . 1 10 5 . 2 2 2 3 5 Energy Gun 31 | . . . 1 1 . 3 9 8 2 . . 5 . . . . . . 2 Energy Cannon 7 | . . . 2 . . 3 1 . . . . . . . . . . . 1 Ballistic Gun 8 | 1 2 . 1 . . . . . . . . . 2 . 1 . . 1 . Ballistic Cannon 14 | . . 1 1 . . . 2 . . . . 4 1 . 1 1 2 . 1 Launcher 7 | . . . . . . 1 2 2 1 . . 1 . . . . . . . Special Weapon 4 | . . . . . . . . . 1 . . . . . . 1 . 1 1 Impact Weapon . | . . . . . . . . . . . . . . . . . . . . Slashing Weapon . | . . . . . . . . . . . . . . . . . . . . Piercing Weapon 6 | . . . . . . . . 2 . . 1 . 2 . . . . 1 . Special Melee Weapon . | . . . . . . . . . . . . . . . . . . . . Unidentified Prototypes 3 | . . . . . . 1 2 . . . . . . . . . . . . Parts Lost 47 | . . . 2 . . 1 2 . 1 2 . 8 2 . . 6 . . 23 Power 8 | . . . . . . 1 . . . . . 1 . . . 1 . . 5 Propulsion 17 | . . . 1 . . . . . 1 1 . 4 2 . . 2 . . 6 Utility 15 | . . . 1 . . . 1 . . . . 2 . . . 2 . . 9 Weapon 7 | . . . . . . . 1 . . 1 . 1 . . . 1 . . 3 Highest Loss Streak 10 | . . . 1 . . 1 1 . 1 1 . 5 2 . . 4 . . 10 To Critical Strikes . | . . . . . . . . . . . . . . . . . . . . Average Slot Usage (%) 93 | . 95 100 97 100 100 100 98 94 100 94 78 78 97 99 100 78 77 81 78 Engine 5 | . 13 14 11 11 5 . 1 1 . . . . 4 5 5 1 . 4 3 Core 3 | . . . . . 5 11 7 5 7 7 7 6 1 . . . . . . Treads 11 | . 27 28 21 22 22 22 16 . . . . 9 . . . . . . . Hover 14 | . . . . . . . 18 29 30 27 23 4 31 28 29 24 26 18 18 Device 12 | . 10 14 7 21 22 22 9 6 3 7 7 7 12 17 14 11 11 11 14 Storage 8 | . 13 14 11 11 11 11 9 7 7 7 7 7 6 5 5 5 5 5 4 Processor 4 | . . . 8 . . . . 10 11 7 7 7 6 5 5 5 5 5 6 Hackware 10 | . . . 2 11 11 11 9 13 15 15 15 8 12 17 17 17 22 23 12 Protection 4 | . . . 12 . . . 7 2 6 7 7 11 6 5 7 6 . 1 2 Energy Gun 5 | . . . . 10 11 15 15 12 7 4 . 5 . . . . . . 2 Energy Cannon 2 | . . . 8 11 11 6 . . . . . . . . . . . . 1 Ballistic Gun 5 | . 27 15 6 . . . . . . . . . 5 5 2 . . 4 2 Ballistic Cannon 2 | . . 12 6 . . . 1 . . . . 2 2 . 2 2 4 . . Piercing Weapon 1 | . . . . . . . . . . . 1 1 3 5 5 . . 2 3 Naked Turns . | . . . . . . . . . . . . . . . . . . . . Heaviest Build 58 | 1 15 16 29 29 27 25 29 31 31 29 24 44 46 45 54 52 22 34 58 Greatest Support 80 | 3 40 40 40 40 40 40 80 34 34 33 25 40 50 47 52 52 30 51 55 Greatest Overweight (x) 5 | . . . 1 . . . 1 1 . . . 5 1 . 1 . 1 1 2 Average Overweight (x) . | . . . . . . . . . . . . . . . . . . . . Largest Inventory Capacity 10 | 5 8 8 10 10 10 10 10 10 10 10 10 10 10 10 10 10 10 10 10 Average Capacity 9 | 5 7 8 8 10 10 10 10 10 10 10 10 10 10 10 10 10 10 10 9 Most Carried 10 | 5 8 8 9 10 10 10 10 10 10 10 10 10 10 10 10 10 10 10 10 Average Carried 8 | 3 4 7 7 9 9 9 9 9 9 8 9 8 9 8 9 9 8 8 8 Final Capacity 10 | 5 8 8 10 10 10 10 10 10 10 10 10 10 10 10 10 10 10 10 10 Final Carried 10 | 5 8 8 9 10 10 8 10 10 8 10 9 10 10 9 10 10 8 9 8 Class Distribution -------------------- 40% | Scavenger-Mutant 30% | Hacker-Mutant 26% | Mutant Dominant Class ---------------- Mutant | -10/Materials Mutant | -10/Mines Mutant | -9/Materials Scavenger-Mutant | -9/Mines Scavenger-Mutant | -9/Exiles Scavenger-Mutant | -8/Mines Scavenger-Mutant | -8/Materials Scavenger-Mutant | -7/Factory Hacker-Mutant | -7/Lower Caves Scavenger-Mutant | -7/Lower Caves Scavenger-Mutant | -7/Data Miner Mutant | -6/Proximity Caves Hacker-Mutant | -6/Factory Hacker-Mutant | -5/Factory Hacker-Mutant | -5/Extension Hacker-Mutant | -5/Cetus Hacker-Mutant | -5/Archives Hacker-Mutant | -5/Hub_04(d) Hacker-Mutant | -4/Factory Resources | -11 -10 -10 -9 -9 -9 -8 -8 -7 -7 -7 -7 -6 -6 -5 -5 -5 -5 -5 -4 ----------- Run | Yrd Mat Min Mat Min Exi Min Mat Fac Low Low Dat Pro Fac Fac Ext Cet Arc Hub Fac Matter Collected 3815 | 210 228 249 444 20 . 82 370 410 151 . . 223 279 . 456 6 25 225 437 Remotely 10 | . . . . . . . 10 . . . . . . . . . . . . Salvage Created 5750 | . 465 212 771 29 . 366 969 297 180 54 . 232 424 51 591 . 209 36 864 Parts 323 | . 43 22 42 5 . 13 56 14 4 1 . 11 35 3 22 . 6 5 41 Haulers Intercepted 10 | . 1 . 2 . . . 3 2 . . . . 1 . . . . . 1 Recyclers Shooed 8 | . 2 . 2 . . . 1 . . . . 2 1 . . . . . . Parts Field Recycled . | . . . . . . . . . . . . . . . . . . . . Retrieved Matter . | . . . . . . . . . . . . . . . . . . . . Parts Self-Destructed 46 | . . . . . . . . . 2 2 . 42 . . . . . . . Prevented 8 | . . . . . . . . . 2 . . 6 . . . . . . . Kills | -11 -10 -10 -9 -9 -9 -8 -8 -7 -7 -7 -7 -6 -6 -5 -5 -5 -5 -5 -4 ------- Run | Yrd Mat Min Mat Min Exi Min Mat Fac Low Low Dat Pro Fac Fac Ext Cet Arc Hub Fac Combat Hostiles Destroyed 88 | . 9 10 12 3 . 10 11 1 2 1 . 4 9 1 5 . 3 . 7 Melee 14 | . . . . . . . . . . . . 2 2 1 3 . . . 6 Guns 43 | . 9 5 3 2 . 9 7 1 1 . . . 6 . . . . . . Cannons 25 | . . 5 9 1 . 1 2 . . 1 . . 1 . 2 . 3 . . AOE 3 | . . . . . . . 2 . . . . 1 . . . . . . . Classes Destroyed 13 | . 6 . 2 . . . 2 1 1 . . 1 . . . . . . . Worker 7 | . . . . . . . 2 1 . . . . . . . . . 2 2 Builder 5 | . 1 . 1 . . . 2 . . . . . . . . . . . 1 Hauler 10 | . 1 . 2 . . . 3 2 . . . . 1 . . . . . 1 Recycler 13 | . 1 . 3 . . 2 3 1 . . . . . . 2 . . . 1 Operator 5 | . . . 1 . . . . 2 . . . . 1 . . . . . 1 Watcher 12 | . 3 . 1 . . . 4 2 . . . . 1 . . . . . 1 Swarmer 30 | . 5 6 2 3 . 7 . . . . . . 7 . . . . . . Grunt 35 | . 4 4 7 . . 3 8 . . . . 1 . 1 1 . 3 . 3 Brawler 2 | . . . . . . . 1 . . . . 1 . . . . . . . Duelist 1 | . . . . . . . . . 1 . . . . . . . . . . Sentry 10 | . . . 3 . . . 2 . 1 . . . 1 . 3 . . . . Hunter 3 | . . . . . . . . . . . . 1 . . 1 . . . 1 Programmer 6 | . . . . . . . . 1 . . . 1 1 . . . . . 3 Thug 1 | . . . . . . . . . . 1 . . . . . . . . . Best Kill Streak 6 | . 4 3 6 3 . 5 5 1 1 1 . 1 5 1 3 . 3 1 4 Combat Bots Only 5 | . 4 3 3 3 . 3 3 1 1 1 . 1 5 1 3 . 3 . 4 Max Kills in Single Turn 2 | . 1 1 2 1 . 1 1 1 1 1 . 1 1 1 1 . 1 1 2 Gunslinging . | . . . . . . . . . . . . . . . . . . . . Exploded 1 | . . . . . . . 1 . . . . 1 . . . . . . . Melee 1 | . . . . . . . . . . . . 1 1 1 1 . . . 1 Uniques/NPCs Destroyed . | . . . . . . . . . . . . . . . . . . . . Combat | -11 -10 -10 -9 -9 -9 -8 -8 -7 -7 -7 -7 -6 -6 -5 -5 -5 -5 -5 -4 -------- Run | Yrd Mat Min Mat Min Exi Min Mat Fac Low Low Dat Pro Fac Fac Ext Cet Arc Hub Fac Hostile Shots Fired 793 | . 36 54 51 12 . 49 48 19 40 13 . 84 93 . 35 46 6 2 205 Missed 258 | . 12 16 12 1 . 17 11 11 20 3 . 27 20 . 21 18 1 2 66 Damage Taken 8713 | . 221 362 459 53 . 230 559 63 193 193 . 1030 1004 . 336 785 98 14 3113 Core 1582 | . 27 73 54 6 . 16 90 27 25 43 . 145 126 . . 147 18 . 785 Absorbed by Shields 129 | . . . . 25 . 94 5 . . . . . . . 5 . . . . Regen/Repaired (Parts) 62 | . . . . . . . . 30 . . . . . 32 . . . . . Core Remaining (%) 79 | 100 . 60 . . . 81 83 . . . . 65 85 . . . . 83 . Volleys Fired 390 | . 47 31 36 6 . 29 78 21 13 4 . 24 15 . 20 26 12 3 25 Largest 2 | . 2 2 2 2 . 2 2 2 2 2 . 2 2 . 1 1 1 1 2 Hottest 193 | . 40 59 136 133 . 133 125 160 185 185 . 140 76 . 57 57 57 33 193 Shots Fired 655 | . 94 60 72 12 . 50 140 35 23 8 . 28 30 . 20 26 12 3 42 Gun 413 | . 94 37 18 6 . 44 95 33 13 4 . 25 15 . 1 . . 3 25 Cannon 222 | . . 23 54 6 . 6 43 . . . . 2 15 . 19 25 12 . 17 Launcher 9 | . . . . . . . 2 2 4 . . 1 . . . . . . . Special 11 | . . . . . . . . . 6 4 . . . . . 1 . . . Kinetic 313 | . 94 60 36 . . . 23 . . . . 2 30 . 20 25 12 3 8 Thermal 318 | . . . 36 12 . 50 115 33 19 8 . 11 . . . . . . 34 Explosive 3 | . . . . . . . 2 1 . . . . . . . . . . . Electromagnetic 20 | . . . . . . . . 1 4 . . 15 . . . . . . . Robot Hit Streak 18 | . 13 4 13 3 . 11 14 9 9 17 . 18 5 . 6 3 3 3 5 Robot Miss Streak 5 | . 4 4 3 4 . 4 5 2 2 . . 4 3 . 3 4 3 1 3 Penetration Max 3 | . . . . . . . . . . . . . . . . 3 . . . Secondary Targets 2 | . 1 . . . . 1 . . . . . . . . . . . . . Max Gunslinging Chain 1 | . 1 . . . . 1 . . . . . . . . . . . . . Shots Hit Robots 412 | . 54 30 41 7 . 33 77 27 14 8 . 26 22 2 20 4 7 3 37 Core Hits 255 | . 26 12 23 9 . 34 39 24 9 4 . 18 14 1 8 2 4 2 26 Critical Kills 9 | . . 1 . . . . . . . . . . . . 2 . 4 . 2 Critical Parts Destroyed 9 | . . . . . . . . . . . . . . . 2 3 4 . . Critical Strikes 39 | . . 2 1 . . 3 5 . 3 . . 1 2 . 5 4 8 1 4 Burn 11 | . . . . . . 3 4 . 3 . . 1 . . . . . . . Meltdown 2 | . . . . . . . . . . . . . . . . . . . 2 Destroy 17 | . . 1 . . . . . . . . . . . . 4 4 8 . . Blast 4 | . . 1 1 . . . 1 . . . . . 1 . . . . . . Impale 5 | . . . . . . . . . . . . . 1 . 1 . . 1 2 Melee Attacks 103 | . . . . . . . . 13 . . . 13 20 2 16 . . 2 37 Impact . | . . . . . . . . . . . . . . . . . . . . Slashing . | . . . . . . . . . . . . . . . . . . . . Piercing 103 | . . . . . . . . 13 . . . 13 20 2 16 . . 2 37 Sneak Attacks 10 | . . . . . . . . . . . . 1 1 2 4 . . 1 1 Combat Hostiles 2 | . . . . . . . . . . . . . . 1 1 . . . . Follow-up Attacks . | . . . . . . . . . . . . . . . . . . . . Damage Inflicted 10309 | . 616 506 854 78 . 574 1798 622 452 124 . 831 710 177 647 196 251 166 1707 Guns 4159 | . 612 198 157 58 . 466 1060 615 197 72 . 246 267 . . . . 55 156 Cannons 2650 | . . 304 697 20 . 102 462 . . . . . 114 . 153 196 246 . 356 Explosions 1185 | . . . . . . . 276 7 218 . . 327 . . . . . . 357 Melee 2176 | . . . . . . . . . . . . 258 329 177 494 . . 80 838 Ramming 50 | . 4 4 . . . 6 . . . . . . . . . . 5 31 . Kinetic 2822 | . 612 502 419 . . . 258 . . . . . 381 . 153 196 246 55 . Thermal 4212 | . . . 435 78 . 568 1264 615 234 124 . 382 . . . . . . 512 Explosive 276 | . . . . . . . 276 . . . . . . . . . . . . Electromagnetic 773 | . . . . . . . . 7 218 . . 191 . . . . . . 357 Impact . | . . . . . . . . . . . . . . . . . . . . Slashing . | . . . . . . . . . . . . . . . . . . . . Piercing 2176 | . . . . . . . . . . . . 258 329 177 494 . . 80 838 Highest Corruption 14 | . 3 3 . . . . . 1 . . . 7 1 . . . . . 14 Average Corruption 5 | . 2 3 . . . . . 1 . . . 6 1 . . . . . 9 Corruption Purged 13 | . . . . . . . . 1 . . . 2 1 . . . . . 9 Corruption Blocked . | . . . . . . . . . . . . . . . . . . . . Effects 84 | . 8 23 . . . . . . . . . 25 . . . . . . 28 Message Errors 18 | . 2 4 . . . . . . . . . 5 . . . . . . 7 Matter Fused 23 | . 4 7 . . . . . . . . . 7 . . . . . . 5 Heat Flow Errors 7 | . . . . . . . . . . . . 3 . . . . . . 4 Energy Discharges 13 | . 1 3 . . . . . . . . . 4 . . . . . . 5 Parts Rejected 2 | . . . . . . . . . . . . 1 . . . . . . 1 Data Loss (minor) 9 | . . 3 . . . . . . . . . 2 . . . . . . 4 Data Loss (major) 5 | . 1 3 . . . . . . . . . 1 . . . . . . . Misfires 1 | . . . . . . . . . . . . . . . . . . . 1 Alerts 2 | . . 1 . . . . . . . . . 1 . . . . . . . Misdirections 1 | . . . . . . . . . . . . . . . . . . . 1 Weapon Failures 3 | . . 2 . . . . . . . . . 1 . . . . . . . Overload Shots . | . . . . . . . . . . . . . . . . . . . . Overflow Damage 225 | . . 2 14 . . . 22 . 7 . . 16 5 . 78 . . . 81 Projectiles 42 | . . 2 14 . . . . . . . . . 5 . . . . . 21 Explosions 50 | . . . . . . . 22 . 7 . . 16 . . . . . . 5 Melee 133 | . . . . . . . . . . . . . . . 78 . . . 55 Knockbacks 10 | . . 5 3 . . . . . . . . . 2 . . . . . . Impact . | . . . . . . . . . . . . . . . . . . . . Kinetic 10 | . . 5 3 . . . . . . . . . 2 . . . . . . Secondary . | . . . . . . . . . . . . . . . . . . . . Self-Inflicted Damage 195 | . . . . . . . . . 14 . . 95 . . . . 2 14 70 Shots 5 | . . . . . . . . . 1 . . 2 . . . . . . 2 Rammed 9 | . 1 1 . . . 2 . . . . . . . . . . 1 4 . Targets Rammed 9 | . 1 1 . . . 2 . . . . . . . . . . 1 4 . Kicked . | . . . . . . . . . . . . . . . . . . . . Crushed . | . . . . . . . . . . . . . . . . . . . . Highest Temperature 393 | . 6 . 180 120 . 207 393 190 129 140 . 245 . . 273 256 . . 184 Average Temperature 66 | . 6 . 63 60 . 65 43 63 54 61 . 49 . . 105 105 . . 76 Received Heat Transfer 1297 | . 39 99 174 . . 60 325 12 72 81 . 78 24 . 99 72 45 . 117 Effects 1 | . . . . . . . 1 . . . . . . . . . . . . Energy Bleed 1 | . . . . . . . 1 . . . . . . . . . . . . Siege Activations . | . . . . . . . . . . . . . . . . . . . . Robots Corrupted 2 | . . . . . . . . . . . . 1 . . . . . . 1 Combat Hostiles 1 | . . . . . . . . . . . . 1 . . . . . . . Parts Fried 8 | . . . . . . . . . . . . 3 . . . . 2 . 3 Impact Corruptions . | . . . . . . . . . . . . . . . . . . . . Robots Melted 3 | . . . . . . . . . 1 . . . . . . . . . 2 Combat Hostiles 2 | . . . . . . . . . 1 . . . . . . . . . 1 Parts Melted 12 | . . . . . . 3 3 3 1 1 . . . . . . . . 1 Heat Transferred 9159 | . . . 777 112 . 1207 2886 1375 1040 520 . 650 . . . . . . 592 Parts Sabotaged . | . . . . . . . . . . . . . . . . . . . . Parts Stolen . | . . . . . . . . . . . . . . . . . . . . Parts Stripped . | . . . . . . . . . . . . . . . . . . . . Power Chain Reactions 3 | . . . . . . . . . . . . 2 . . . . . . 1 Alert | -11 -10 -10 -9 -9 -9 -8 -8 -7 -7 -7 -7 -6 -6 -5 -5 -5 -5 -5 -4 ------- Run | Yrd Mat Min Mat Min Exi Min Mat Fac Low Low Dat Pro Fac Fac Ext Cet Arc Hub Fac Peak Influence 591 | . 132 152 314 122 . 145 591 88 . . . . 124 20 153 113 136 88 317 Initial 122 | . . 5 59 122 . . 44 16 . . . . . . 9 8 37 47 15 Average 71 | . 53 62 180 61 . 40 213 37 . . . . 28 19 33 44 63 40 65 Maximum Alert Level 2 | . . . 1 . . . 2 . . . . . . . . . . . 1 Low Security (%) 92 | 100 100 100 59 100 . 100 65 100 . . . . 100 100 100 100 100 100 83 Level 1 5 | . . . 40 . . . 17 . . . . . . . . . . . 16 Level 2 1 | . . . . . . . 17 . . . . . . . . . . . . Level 3 . | . . . . . . . . . . . . . . . . . . . . Level 4 . | . . . . . . . . . . . . . . . . . . . . Level 5 . | . . . . . . . . . . . . . . . . . . . . High Security . | . . . . . . . . . . . . . . . . . . . . Max Security . | . . . . . . . . . . . . . . . . . . . . Squads Dispatched 21 | . . . 1 . . . 1 4 . . . 2 4 2 . . . 1 6 Investigation 6 | . . . . . . . 1 1 . . . 2 2 . . . . . . Extermination 5 | . . . . . . . . 1 . . . . 1 . . . . . 3 Reinforcement 9 | . . . 1 . . . . 1 . . . . 1 2 . . . 1 3 Assault . | . . . . . . . . . . . . . . . . . . . . Garrison 1 | . . . . . . . . 1 . . . . . . . . . . . Intercept . | . . . . . . . . . . . . . . . . . . . . Searches Triggered . | . . . . . . . . . . . . . . . . . . . . Construction Impeded 1 | . . . . . . . . . . . . . . . . . . . 1 Haulers Reinforced 1 | . . . . . . . . . . . . . . 1 . . . . . Active Scanning Responses . | . . . . . . . . . . . . . . . . . . . . Cargo Convoy Interrupts . | . . . . . . . . . . . . . . . . . . . . Stealth | -11 -10 -10 -9 -9 -9 -8 -8 -7 -7 -7 -7 -6 -6 -5 -5 -5 -5 -5 -4 --------- Run | Yrd Mat Min Mat Min Exi Min Mat Fac Low Low Dat Pro Fac Fac Ext Cet Arc Hub Fac Distress Signals 7 | . . . 3 . . . 2 . . . . 1 . . . 1 . . . Communications Jammed . | . . . . . . . . . . . . . . . . . . . . Distress Signals . | . . . . . . . . . . . . . . . . . . . . Times Spotted 195 | . 15 12 17 3 . 11 26 8 8 12 . 16 12 . 13 8 6 11 17 Peak Tracking Total 8 | . 3 3 5 3 . 4 3 2 4 6 . 5 5 . 8 5 5 4 5 Tactical Retreats 26 | . 2 3 3 . . 1 1 1 2 2 . 1 . . 1 2 1 3 3 Traps | -11 -10 -10 -9 -9 -9 -8 -8 -7 -7 -7 -7 -6 -6 -5 -5 -5 -5 -5 -4 ------- Run | Yrd Mat Min Mat Min Exi Min Mat Fac Low Low Dat Pro Fac Fac Ext Cet Arc Hub Fac Traps Triggered 16 | . 2 . . . . . . 3 . . . . 4 . 3 . . . 4 Indirectly 3 | . . . . . . . . . . . . . . . . . . . 3 Trap Hack Attempts . | . . . . . . . . . . . . . . . . . . . . Triggered . | . . . . . . . . . . . . . . . . . . . . Disarmed . | . . . . . . . . . . . . . . . . . . . . Reprogrammed . | . . . . . . . . . . . . . . . . . . . . Reused . | . . . . . . . . . . . . . . . . . . . . Traps Extracted . | . . . . . . . . . . . . . . . . . . . . Installed . | . . . . . . . . . . . . . . . . . . . . Triggered . | . . . . . . . . . . . . . . . . . . . . Machines | -11 -10 -10 -9 -9 -9 -8 -8 -7 -7 -7 -7 -6 -6 -5 -5 -5 -5 -5 -4 ---------- Run | Yrd Mat Min Mat Min Exi Min Mat Fac Low Low Dat Pro Fac Fac Ext Cet Arc Hub Fac Machines Disabled 27 | . . . 1 . . . 3 . . . . 1 2 . . 1 1 1 17 Max in Single Turn 8 | . . . 1 . . . 2 . . . . 1 1 . . 1 1 1 8 Garrison Access 3 | . . . . . . . 1 . . . . . 1 . . . . 1 . Machines Repaired . | . . . . . . . . . . . . . . . . . . . . Machines Dismantled . | . . . . . . . . . . . . . . . . . . . . Machines Sabotaged . | . . . . . . . . . . . . . . . . . . . . Overloaded Fab Kills . | . . . . . . . . . . . . . . . . . . . . Hacking | -11 -10 -10 -9 -9 -9 -8 -8 -7 -7 -7 -7 -6 -6 -5 -5 -5 -5 -5 -4 --------- Run | Yrd Mat Min Mat Min Exi Min Mat Fac Low Low Dat Pro Fac Fac Ext Cet Arc Hub Fac Machines Accessed 57 | . 5 . 3 . 1 . 6 11 1 . 1 2 11 1 7 1 . 7 . Terminals 40 | . 5 . 3 . . . 4 5 . . . 1 8 . 7 1 . 6 . Fabricators 4 | . . . . . . . . 1 . . . 1 2 . . . . . . Repair Stations 5 | . . . . . . . . 4 . . . . . 1 . . . . . Recycling Units . | . . . . . . . . . . . . . . . . . . . . Scanalyzers 2 | . . . . . . . 1 1 . . . . . . . . . . . Garrison Access 3 | . . . . . . . 1 . . . . . 1 . . . . 1 . Total Hacks 204 | . 19 . 12 . 1 . 22 28 1 . 13 8 34 5 28 1 . 32 . Successful 88 | . 8 . 3 . 1 . 11 11 1 . 13 3 9 2 8 1 . 17 . Failed 115 | . 11 . 9 . . . 11 17 . . . 5 25 3 20 . . 14 . Catastrophic 22 | . 1 . 3 . . . 1 2 . . . . 8 . 5 . . 2 . Database Lockouts 1 | . . . . . . . . . . . . . . . . . . 1 . Manual 67 | . 11 . 5 . 1 . 4 9 . . . . 22 . 2 . . 13 . Terminals 152 | . 19 . 12 . . . 17 16 . . . 4 27 . 28 1 . 28 . Fabricators 10 | . . . . . . . . 2 . . . 4 4 . . . . . . Repair Stations 14 | . . . . . . . . 9 . . . . . 5 . . . . . Recycling Units . | . . . . . . . . . . . . . . . . . . . . Scanalyzers 3 | . . . . . . . 2 1 . . . . . . . . . . . Garrison Access 10 | . . . . . . . 3 . . . . . 3 . . . . 4 . Terminal Hacks 70 | . 8 . 3 . 1 . 8 6 1 . 13 1 6 . 8 1 . 14 . Record 6 | . . . . . . . . . . . . . . . 2 . . 4 . Part Schematic 12 | . . . . . . . . 1 . . 10 . 1 . . . . . . Robot Analysis 1 | . . . . . . . . . . . . . . . 1 . . . . Prototype ID Bank 14 | . 5 . 2 . . . 2 1 . . 3 . . . . . . 1 . Open Door 3 | . . . . . . . . . 1 . . 1 . . . 1 . . . Open DSF 2 | . . . . . . . . 1 . . . . 1 . . . . . . Branch Access Points 3 | . 1 . . . . . . . . . . . . . 1 . . 1 . Emergency Access Points 5 | . 1 . . . . . 1 . . . . . 1 . . . . 2 . Terminal Index 1 | . . . . . . . . . . . . . 1 . . . . . . Fabricator Index 1 | . . . . . . . . . . . . . 1 . . . . . . Scanalyzer Index 1 | . . . . . . . 1 . . . . . . . . . . . . Alert Level 1 | . . . . . . . . . . . . . . . 1 . . . . Unreport Threat 6 | . . . . . . . 2 . . . . . . . 2 . . 2 . Locate Traps 6 | . . . . . . . 2 1 . . . . 1 . . . . 2 . Hauler Manifests 1 | . 1 . . . . . . . . . . . . . . . . . . Registered Components 4 | . . . 1 . . . . 1 . . . . . . . . . 2 . Zone Layout 2 | . . . . . . . . 1 . . . . . . 1 . . . . Derelict Proto ID Bank 1 | . . . . . 1 . . . . . . . . . . . . . . Fabricator Hacks 4 | . . . . . . . . 1 . . . 2 1 . . . . . . Load Schematic 3 | . . . . . . . . 1 . . . 1 1 . . . . . . Build 1 | . . . . . . . . . . . . 1 . . . . . . . Repair Station Hacks 6 | . . . . . . . . 4 . . . . . 2 . . . . . Scan Component 3 | . . . . . . . . 2 . . . . . 1 . . . . . Repair 3 | . . . . . . . . 2 . . . . . 1 . . . . . Recycling Unit Hacks . | . . . . . . . . . . . . . . . . . . . . Scanalyzer 2 | . . . . . . . 2 . . . . . . . . . . . . Insert Component 2 | . . . . . . . 2 . . . . . . . . . . . . Garrison Access Hacks 2 | . . . . . . . . . . . . . 1 . . . . 1 . Seal Access 2 | . . . . . . . . . . . . . 1 . . . . 1 . Unauthorized Hacks 4 | . . . . . . . 1 . . . . . 1 . . . . 2 . Terminals 3 | . . . . . . . . . . . . . 1 . . . . 2 . Assimilate 3 | . . . . . . . . . . . . . 1 . . . . 2 . Fabricators . | . . . . . . . . . . . . . . . . . . . . Repair Stations . | . . . . . . . . . . . . . . . . . . . . Recycling Units . | . . . . . . . . . . . . . . . . . . . . Scanalyzers . | . . . . . . . . . . . . . . . . . . . . Garrison Access 1 | . . . . . . . 1 . . . . . . . . . . . . Jam 1 | . . . . . . . 1 . . . . . . . . . . . . Data Cores Recovered . | . . . . . . . . . . . . . . . . . . . . Used . | . . . . . . . . . . . . . . . . . . . . Hacking Detections 46 | . 5 . 3 . . . 5 10 . . . 1 8 1 7 . . 6 . Full Trace Events 3 | . . . . . . . . 1 . . . 1 1 . . . . . . Feedback Events . | . . . . . . . . . . . . . . . . . . . . Feedback Blocked . | . . . . . . . . . . . . . . . . . . . . Robot Schematics Acquired . | . . . . . . . . . . . . . . . . . . . . Robots Built . | . . . . . . . . . . . . . . . . . . . . Authchips . | . . . . . . . . . . . . . . . . . . . . Time . | . . . . . . . . . . . . . . . . . . . . Total Robot Build Rating . | . . . . . . . . . . . . . . . . . . . . Part Schematics Acquired 12 | . . . . . . . . 1 . . 10 . 1 . . . . . . Parts Built 1 | . . . . . . . . . . . . 1 . . . . . . . Authchips . | . . . . . . . . . . . . . . . . . . . . Time 76 | . . . . . . . . . . . . 76 . . . . . . . Total Part Build Rating 5 | . . . . . . . . . . . . 5 . . . . . . . Parts Repaired 3 | . . . . . . . . 2 . . . . . 1 . . . . . Time 76 | . . . . . . . . 51 . . . . . 25 . . . . . Parts Recycled . | . . . . . . . . . . . . . . . . . . . . Recycled Matter . | . . . . . . . . . . . . . . . . . . . . Retrieved Matter . | . . . . . . . . . . . . . . . . . . . . Retrieved Components . | . . . . . . . . . . . . . . . . . . . . Parts Scanalyzed . | . . . . . . . . . . . . . . . . . . . . Part Schematics Acquired . | . . . . . . . . . . . . . . . . . . . . Parts Damaged . | . . . . . . . . . . . . . . . . . . . . Bothacking | -11 -10 -10 -9 -9 -9 -8 -8 -7 -7 -7 -7 -6 -6 -5 -5 -5 -5 -5 -4 ------------ Run | Yrd Mat Min Mat Min Exi Min Mat Fac Low Low Dat Pro Fac Fac Ext Cet Arc Hub Fac Used RIF Installer . | . . . . . . . . . . . . . . . . . . . . Robots Hacked . | . . . . . . . . . . . . . . . . . . . . Non-combat . | . . . . . . . . . . . . . . . . . . . . Combat . | . . . . . . . . . . . . . . . . . . . . Robot Hacks Applied . | . . . . . . . . . . . . . . . . . . . . Relay Couplers Released . | . . . . . . . . . . . . . . . . . . . . Fabnet Peak Effective % . | . . . . . . . . . . . . . . . . . . . . Robots Rewired 9 | . . . . . . . . . . . . 6 . . 3 . . . . Allies Hacked . | . . . . . . . . . . . . . . . . . . . . Hacks Repelled . | . . . . . . . . . . . . . . . . . . . . Allies | -11 -10 -10 -9 -9 -9 -8 -8 -7 -7 -7 -7 -6 -6 -5 -5 -5 -5 -5 -4 -------- Run | Yrd Mat Min Mat Min Exi Min Mat Fac Low Low Dat Pro Fac Fac Ext Cet Arc Hub Fac Total Allies 14 | . . . . 1 . . . . . . . 7 . . 6 . . . . Largest Group 7 | . . . . 1 . . . . . . . 7 . . 5 . . . . Highest-Rated Group 304 | . . . . 31 . . . . . . . 304 . . 147 . . . . Highest-Rated Ally 96 | . . . . 31 . . . . . . . 96 . . 31 . . . . Total Orders . | . . . . . . . . . . . . . . . . . . . . Ally Attacks 98 | . . . . . . . . . . . . 44 . . 54 . . . . Total Damage 2615 | . . . . . . . . . . . . 1731 . . 884 . . . . Kills 15 | . . . . . . . . . . . . 11 . . 4 . . . . Allies Corrupted . | . . . . . . . . . . . . . . . . . . . . Allies Melted . | . . . . . . . . . . . . . . . . . . . . Intel | -11 -10 -10 -9 -9 -9 -8 -8 -7 -7 -7 -7 -6 -6 -5 -5 -5 -5 -5 -4 ------- Run | Yrd Mat Min Mat Min Exi Min Mat Fac Low Low Dat Pro Fac Fac Ext Cet Arc Hub Fac Robot Analysis Total 1 | . . . . . . . . . . . . . . . 1 . . . . Derelict Logs Recovered 5 | . . 1 . 1 . . . . 1 2 . . . . . . . . . Drone Launches . | . . . . . . . . . . . . . . . . . . . . Drone Recoveries . | . . . . . . . . . . . . . . . . . . . . Exploration | -11 -10 -10 -9 -9 -9 -8 -8 -7 -7 -7 -7 -6 -6 -5 -5 -5 -5 -5 -4 ------------- Run | Yrd Mat Min Mat Min Exi Min Mat Fac Low Low Dat Pro Fac Fac Ext Cet Arc Hub Fac Turns Passed 14760 | 27 1206 1154 754 944 344 1040 1230 1298 435 218 40 1316 1459 202 1067 227 106 489 1204 Spaces Moved 11848 | 41 656 638 360 565 213 562 880 1481 770 355 75 902 1318 376 1135 233 100 496 692 Core 46 | 41 4 . . . . . . . . . . 1 . . . . . . . Treads 3656 | . 652 638 360 565 213 562 246 . . . . 410 10 . . . . . . Legs . | . . . . . . . . . . . . . . . . . . . . Wheels . | . . . . . . . . . . . . . . . . . . . . Hover 8146 | . . . . . . . 634 1481 770 355 75 491 1308 376 1135 233 100 496 692 Flight . | . . . . . . . . . . . . . . . . . . . . Fastest Speed 44 | 50 50 160 160 160 160 160 48 48 48 48 52 52 44 44 44 48 52 52 48 Average Speed 85 | 50 159 160 160 160 160 160 79 48 48 49 52 117 45 44 47 56 54 55 73 Slowest Speed 300 | 50 160 160 240 160 160 160 250 112 48 52 52 300 240 44 94 66 106 110 150 Overloaded Moves . | . . . . . . . . . . . . . . . . . . . . Propulsion Burnouts . | . . . . . . . . . . . . . . . . . . . . Robots Hopped . | . . . . . . . . . . . . . . . . . . . . Cave-ins Triggered 1 | . . . . . . . . . . . . . . . . . . . 1 Exploration Rate (%) 59 | 4 96 98 30 97 59 98 55 32 91 56 68 76 29 9 85 79 84 36 16 Regions Visited 19 Branch Regions 12 Pre-discovered Areas 1 | . . . . . . . . . . 1 . . . . . . . . . Known Exits Taken 3 | . 1 . . . . 1 . . . . . . . . 1 . . . . Unknown Exits Taken 16 | 1 . 1 1 1 1 . 1 1 1 1 1 1 1 1 . 1 1 1 . Scrap Searched 10 | . . 1 . 3 . 1 . . 3 1 . 1 . . . . . . . Spaces Dug 41 | . . . . . . . 9 7 . . . . 9 . 5 . . 1 10 Terrain Destroyed 103 | . . 4 1 . . . 18 18 . . . 17 13 . 11 3 2 1 15 Melee 31 | . . . . . . . . 7 . . . . 9 . 5 . . 1 9 Projectile 38 | . . 4 1 . . . 12 . . . . . 4 . 6 3 2 . 6 AOE 34 | . . . . . . . 6 11 . . . 17 . . . . . . . Terrain Rammed . | . . . . . . . . . . . . . . . . . . . . Walls Destroyed . | . . . . . . . . . . . . . . . . . . . . Machines Disabled . | . . . . . . . . . . . . . . . . . . . . Actions | -11 -10 -10 -9 -9 -9 -8 -8 -7 -7 -7 -7 -6 -6 -5 -5 -5 -5 -5 -4 --------- Run | Yrd Mat Min Mat Min Exi Min Mat Fac Low Low Dat Pro Fac Fac Ext Cet Arc Hub Fac Total 15621 | 46 728 710 467 593 217 651 1266 1997 804 387 75 1106 2116 408 1615 303 139 702 1291 Wait 2647 | . 7 32 23 19 . 47 227 393 12 27 . 79 684 26 368 38 15 174 476 Move 11829 | 40 655 637 359 564 212 561 879 1480 769 354 74 901 1317 375 1134 232 99 495 692 Hop . | . . . . . . . . . . . . . . . . . . . . Pick Up 140 | 5 10 2 18 1 2 1 18 18 . 1 . 12 16 2 4 . 2 7 21 Fast Attach 58 | 1 . 1 1 1 . . 15 10 2 . . 3 14 . 2 . . . 8 Attach 89 | . 7 . 7 . . 2 6 8 1 . 1 12 9 3 . 3 5 7 18 Detach 17 | . . . . . . . 1 4 . 1 . 2 1 . . 3 1 2 2 Swap 80 | . . 2 9 1 1 6 14 14 5 . . 4 9 . 8 . . 2 5 Drop 129 | . 1 4 14 1 2 3 28 23 2 . . 6 23 . 9 1 . 5 7 Fire 390 | . 47 31 36 6 . 29 78 21 13 4 . 24 15 . 20 26 12 3 25 Melee 103 | . . . . . . . . 13 . . . 13 20 2 16 . . 2 37 Ram 5 | . . . . . . . . . . . . . . . . . 1 4 . Kick . | . . . . . . . . . . . . . . . . . . . . Crush 4 | . 1 1 . . . 2 . . . . . . . . . . . . . Escape Stasis 59 | . . . . . . . . 13 . . . . 8 . 38 . . . . Rewire 70 | . . . . . . . . . . . . 50 . . 16 . 4 . . Trap . | . . . . . . . . . . . . . . . . . . . . Miscellaneous 1 | . . . . . . . . . . . . . . . . . . 1 . Route ------- -11/Scrapyard -10/Materials (discovered 5 exits: *Mat x3 / *Min x2) -10/Mines (discovered 2 exits: *Mat x2) -9/Materials (discovered 3 exits: Mat / [*Min] / Sto) -9/Mines (discovered 3 exits: *Mat x2 / *Exi) -9/Exiles -8/Mines (discovered 2 exits: *Mat x2) -8/Materials -7/Factory (discovered 3 exits: *Fac / *Low x2) -7/Lower Caves -7/Lower Caves -7/Data Miner -6/Proximity Caves -6/Factory (discovered 3 exits: *Fac x2 / [*Low]) -5/Factory (discovered 2 exits: Upp / *Ext) -5/Extension (discovered 2 exits: *Fac / *Cet) -5/Cetus (discovered 2 exits: *Fac / *Arc) -5/Archives (discovered 2 exits: *Hub x2) -5/Hub_04(d) (discovered 2 exits: *Fac x2) -4/Factory History --------- Turn | Location | Event 10 | -11/Scrapyard | Discovered new exit (range 14) 28 | -11/Scrapyard | Entered Materials 130 | -10/Materials | Discovered new exit (range 6) 266 | -10/Materials | Discovered new exit (range 14) 303 | -10/Materials | Build established: Mutant 478 | -10/Materials | Identified exit to Mines 549 | -10/Materials | Discovered new exit (range 16) 1000 | -10/Materials | Discovered new exit (range 9) 1234 | -10/Materials | Entered Mines 1353 | -10/Mines | A weapon hastily lodged in a ceiling crevice suddenly fell to the ground 1372 | -10/Mines | Discovered new exit (range 15) 1433 | -10/Mines | Found a damaged Exp. Sensor Array with a note attached 1437 | -10/Mines | Found Prototype Device 1739 | -10/Mines | Learned 4 Materials zone layouts 2155 | -10/Mines | Discovered new exit (range 3) 2388 | -10/Mines | Entered Materials 2388 | -9/Materials | Evolved 2 slots: Utility x2 2389 | -9/Materials | Identified exit to Storage 2389 | -9/Materials | Identified exit to Materials 3113 | -9/Materials | Discovered new exit (range 13) 3142 | -9/Materials | Build established: Scavenger-Mutant 3142 | -9/Materials | Entered Mines 3145 | -9/Mines | Received a Mining Laser from a helpful Derelict 3150 | -9/Mines | Met a Derelict bent on vengeance 3261 | -9/Mines | Learned Materials trap positions 3296 | -9/Mines | Discovered exit to Materials (range 12) 3303 | -9/Mines | Received a Rocket Launcher from a helpful Derelict 3654 | -9/Mines | Deemed a non-threat by the Exiles lab entrance 3654 | -9/Mines | Discovered new exit (range 5) 3782 | -9/Mines | Discovered exit to Materials (range 15) 4086 | -9/Mines | Entered Exiles 4130 | -9/Exiles | Met 8R-AWN 4154 | -9/Exiles | Met EX-HEX 4202 | -9/Exiles | Met EX-BIN 4219 | -9/Exiles | Aligned with FarCom system 4221 | -9/Exiles | Given EX-Vault access code 4259 | -9/Exiles | Opened EX-Vault 4277 | -9/Exiles | Found Cloak of Protection 4309 | -9/Exiles | Warned to stay clear of 0b10 Research branches 4357 | -9/Exiles | Met EX-DEC 4413 | -9/Exiles | Discovered new exit (range 10) 4430 | -9/Exiles | Left Exiles lab with Cloak of Protection 4430 | -9/Exiles | Entered Mines 4448 | -8/Mines | Discovered exit to Materials (range 15) 4710 | -8/Mines | Discovered exit to Materials (range 8) 5470 | -8/Mines | Entered Materials 5470 | -8/Materials | Evolved 2 slots: Propulsion x2 5471 | -8/Materials | Loaded intel: 18 trap records 6396 | -8/Materials | Discovered new exit (range 11) 6495 | -8/Materials | Identified Exp. Sensor Array 6700 | -8/Materials | Entered Factory 6700 | -7/Factory | Evolved 2 slots: Utility x2 6733 | -7/Factory | Identified exit to DSF 7150 | -7/Factory | Repaired Airjet 7196 | -7/Factory | Discovered new exit (range 5) 7439 | -7/Factory | Discovered new exit (range 3) 7721 | -7/Factory | Repaired Imp. Hover Unit 7734 | -7/Factory | Discovered new exit (range 7) 7974 | -7/Factory | Garrison activated, responded to threat 7998 | -7/Factory | Entered Lower Caves 8076 | -7/Lower Caves | Encountered a Warlord checkpoint 8193 | -7/Lower Caves | Build established: Hacker-Mutant 8228 | -7/Lower Caves | Attracted the attention of an 0b10 checkpoint 8297 | -7/Lower Caves | Spotted B-75 Beast 8417 | -7/Lower Caves | Discovered new exit (range 12) 8433 | -7/Lower Caves | Entered another Lower Caves area 8542 | -7/Lower Caves | Build established: Scavenger-Mutant 8575 | -7/Lower Caves | Attacked by a faux Warlord 8627 | -7/Lower Caves | Learned Factory emergency access door positions 8648 | -7/Lower Caves | Discovered new exit (range 9) 8651 | -7/Lower Caves | Entered Data Miner 8651 | -7/Data Miner | Discovered new exit (range 6) 8661 | -7/Data Miner | Met Data Miner 8678 | -7/Data Miner | Received God Mode back door access code from Data Miner 8691 | -7/Data Miner | Entered Proximity Caves 8959 | -6/Proximity Caves | Spotted B-75 Beast 8979 | -6/Proximity Caves | Escorted by Enhanced Grunt 9016 | -6/Proximity Caves | Lost 5 parts (1p3n1u) 9228 | -6/Proximity Caves | Snuck into a huge 0b10 base via the rear entrance 9264 | -6/Proximity Caves | Derelicts attacked a huge 0b10 base 9272 | -6/Proximity Caves | Build established: Mutant 9336 | -6/Proximity Caves | Discovered new exit (range 5) 9723 | -6/Proximity Caves | Lost 7 allies 9799 | -6/Proximity Caves | Fabricated Biomechanical Wings (x1) 10007 | -6/Proximity Caves | Entered Factory 10007 | -6/Factory | Evolved 2 slots: Propulsion x1, Utility x1 10125 | -6/Factory | Identified exit to DSF 10132 | -6/Factory | Discovered new exit (range 14) 10299 | -6/Factory | Discovered new exit (range 10) 10428 | -6/Factory | Build established: Hacker-Mutant 11438 | -6/Factory | Discovered new exit (range 15) 11466 | -6/Factory | Entered another Factory area 11466 | -5/Factory | Evolved 2 slots: Utility x2 11467 | -5/Factory | Identified exit to Upper Caves 11601 | -5/Factory | Repaired Imp. Gravmag System 11654 | -5/Factory | Discovered new exit (range 6) 11668 | -5/Factory | Entered Extension 11827 | -5/Extension | Rescued a captive Derelict 11907 | -5/Extension | Rescued a captive Derelict 11908 | -5/Extension | Rescued a captive Derelict 12078 | -5/Extension | Identified exit to Cetus 12558 | -5/Extension | Spotted B-75 Beast 12562 | -5/Extension | Spotted B-75 Beast 12574 | -5/Extension | Rescued a captive Derelict 12623 | -5/Extension | Lost 3 allies 12730 | -5/Extension | Discovered new exit (range 10) 12735 | -5/Extension | Entered Cetus 12743 | -5/Cetus | Spotted Cetus Guard 12743 | -5/Cetus | Spotted Cetus Guard 12743 | -5/Cetus | Spotted Cetus Guard 12755 | -5/Cetus | Discovered new exit (range 16) 12787 | -5/Cetus | Spotted Cetus Guard 12829 | -5/Cetus | Lost 4 parts (1p1n1u1w) 12918 | -5/Cetus | Discovered new exit (range 16) 12962 | -5/Cetus | Entered Archives 13007 | -5/Archives | Met Zhirov 13013 | -5/Archives | Reinforcements dispatched to Archives 13020 | -5/Archives | Unable to access archive contents 13021 | -5/Archives | Discovered new exit (range 15) 13058 | -5/Archives | Reinforcements dispatched to Archives 13060 | -5/Archives | Zhirov warped through subspace 13060 | -5/Archives | Discovered new exit (range 16) 13068 | -5/Archives | Entered Hub_04(d) 13068 | -5/Hub_04(d) | Discovered new exit (range 10) 13269 | -5/Hub_04(d) | Discovered new exit (range 13) 13297 | -5/Hub_04(d) | Central database locked down 13557 | -5/Hub_04(d) | Entered Factory 13557 | -4/Factory | Evolved 2 slots: Power x1, Utility x1 14041 | -4/Factory | Crushed by falling debris 14072 | -4/Factory | Lost 3 parts (3u) 14226 | -4/Factory | System corruption reached 10% 14233 | -4/Factory | Lost 5 parts (2p3u) 14294 | -4/Factory | Lost 5 parts (1p2n1u1w) 14570 | -4/Factory | Spotted B-86 Titan 14622 | -4/Factory | Build established: Scavenger-Mutant 14691 | -4/Factory | Found Prototype Hackware 14718 | -4/Factory | Core integrity fell below 50% 14761 | -4/Factory | Self-destructed Last Messages --------------- Slug penetrates Wall. Penetrated by Slug. Slug penetrates Wall. Penetrated by Slug. Phase Gun destroyed. Imp. Linear Gravjet destroyed. Slug penetrates H-77 Assassin. H-77 Assassin destroyed. Slug penetrates Wall. Penetrated by Slug. Slug penetrates Wall. Bore Cannon destroyed. H-77 Assassin suffers critical hit (Meltdown). U-05 Engineer builds a Wall. Acquired 15 matter. Acquired Coil Gun. System Restoration Module purges 1% system corruption (7%). System Restoration Module expended. The unstable cave ceiling collapses. Map ----- +----------------------------------------------------+ | | | | | | | | | ?????????????????????????????????????????????????? | | ?????????????????????????????????????????????????? | | ???????????? ????????????????????????????????????? | | ????????????? ???????????????????????????????????? | | ????????????? ??????????????????????????????? | | ?????????????"" """??????????????????????????????? | | ??????????????" """??????????????????????????????? | | ??????????????? """??????????????????????????????? | | ???????????????? p ????????????###???????????????? | | ???????????????###;#############;##??????????????? | | ???????????????# ; #??????????????? | | ???????????????# =# #??????????????? | | ???????????????# %[ #??????????????? | | ???????????????# %+= #??????????????? | | ???????????????+ [p #??????????????? | | ???????????????# # #??????????????? | | ???????????????# # #??????????????? | | ???????????????# # #??????????????? | | ???????????????# # #??????????????? | | ???????????????# # ] #??????????????? | | ???????????????# # #??????????????? | | ???????????????# # @ #??????????? | | ???????????????# ## # #??????????? | | ???????????????# # %! #?????????? | | ???????????????# # ! #?????????? | | ???????????????# #] #?????????? | | ???????????????# # R #??????????? | | ???????????????# + ??????????? | | ??????########## # ??????????? | | ????? # ???????????? | | ????? # ???????????? | | ????? # ????????????? | | ????? ## # # # ????????????? | | ????? """" ### # ??????????????? | | ?????? """"^ # #??????????????? | | ???????? ??"""" # ] ! / #??????????????? | | ???????????"""" # = #??????????????? | | ???????????"""" # """ !== #??????????????? | | ????????# """" # """ !== #??????????????? | | ????????# # """ != #??????????????? | | ????????# " " / #??????????????? | | ????????# "T" # """ [ #??????????????? | | ????????# """ # """ #??????????????? | | ????????############## """ " " #??????????????? | | ?????????????????????# ! "Y" #??????????????? | | ?????????????????????# """ #??????????????? | +----------------------------------------------------+ Best States ------------- Heat Dissipation 91 Energy Generation 37 Energy Capacity 800 Matter Stores 300 Matter Capacity 300 Sight Range 16 Robot Scan Range 14 Terrain Scan Density 10 ECM Strength 2 Jamming Range 14 Cloak Strength 5 EM Shielding 2 Armor Coverage 450 Point Defense Rating 80 Weapon Cycling 15 Evasion (%) 56 Targeting Accuracy 8 Target Analysis 6 Armor Integrity Analysis 30 Recoil Reduction 4 Offensive Hacking 22 Defensive Hacking 20 Item Schematics ----------------- Xenon Bombardment Thruster | -7/Factory | Hacked Combat Drone Bay | -7/Data Miner | Free Lgt. Regenerative Plating | -7/Data Miner | Free Biomechanical Wings | -7/Data Miner | Free Exp. Targeting Computer | -7/Data Miner | Free Force Rifle | -7/Data Miner | Free Linear Gravjet | -7/Data Miner | Free Imp. Thermal Shield | -7/Data Miner | Free Hvy. Phase Cannon | -7/Data Miner | Free Imp. Dynamic Insulation System | -7/Data Miner | Free Phase Gun | -7/Data Miner | Free Imp. Hacking Suite | -6/Factory | Hacked Robot Schematics ------------------ None Fabricated ------------ Biomechanical Wings | x1 | -6/Proximity Caves Alien Tech Used ----------------- None Achievements -------------- Part-time Excavator Challenges ------------ None Game ------ Seed AlloyMissileWeb Manual? 0 Play Time 02:14:17 Cumulative 44.5 hours Start 2024.07.16 @ 12:38:23 End 2024.07.16 @ 18:24:03 Sessions 3 Manual Loads 0 Difficulty Rogue Special Mode None Game No. 84 Rogue 83 Adventurer 1 Explorer 0 Win Type - Total 0 Types 0/0/0/0/0/0/0/0/0 Lore% 20 Gallery% 40 Achievement% 33 Wizard Run 0 Options --------- Layout 1 ASCII 0 Keyboard 0 Movement Mouse Keybinds 0 Fullscreen 2 Font 24/Terminus Map View 50x35 Zoom Use 0% Tactical HUD 0 Map Filters NONE Filters NONE Steam 1 RUN: ed383c2c-ab6d-4bbe-8d3d-ef1a79812e58